 Dungeon Crawl Stone Soup version 0.29.1-1-gd02db6906a (webtiles) character file.

Game seed: 7473889500999290778

11 RogueRain17 the Conjurer (level 2, -3/19 HPs)
             Began as a Demonspawn Conjurer on Sept 24, 2022.
             Slain by a worm (8 damage)
             ... on level 2 of the Dungeon.
             The game lasted 00:01:59 (1074 turns).

RogueRain17 the Conjurer (Demonspawn Conjurer)      Turns: 1074, Time: 00:01:59

Health: -3/19      AC:  2    Str:  7    XL:     2   Next: 13%
Magic:  1/5        EV: 12    Int: 19    God:
Gold:   80         SH:  0    Dex: 11    Spells: 4/5 levels left

rFire   . . .      SeeInvis .   (no weapon)
rCold   . . .      Faith    .   (no shield)
rNeg    . . .      Spirit   .   a - +0 robe
rPois   .          Reflect  .   (no helmet)
rElec   .          Harm     .   (no cloak)
rCorr   .          Rampage  .   (no gloves)
Will    .....                   (no boots)
Stlth   ++........              (no amulet)
HPRegen 0.06/turn               (no ring)
MPRegen 0.09/turn               (no ring)

@: no status effects
A: hooves 1
a: no special abilities


You were on level 2 of the Dungeon.
You visited 1 branch of the dungeon, and saw 2 of its levels.

You collected 80 gold pieces.

Inventory:

Armour
 a - a +0 robe (worn)
Jewellery
 h - an amulet of regeneration
Scrolls
 c - a scroll of identify {unknown}
 f - a scroll of teleportation {unknown}
 g - a scroll of immolation {unknown}
 j - a scroll of noise {unknown}
Potions
 b - a potion of magic
 d - a potion of brilliance {unknown}
 e - 2 potions of curing {unknown}
 i - a potion of invisibility {unknown}
 k - a potion of berserk rage {unknown}


   Skills:
 + Level 2.0 Dodging
 + Level 2.0 Stealth
 + Level 2.1 Spellcasting
 + Level 4.1 Conjurations


You had 4 spell levels left.
You knew the following spells:

 Your Spells              Type           Power      Damage    Failure   Level
a - Magic Dart            Conj           68%        1d6       3%          1

Your spell library contained the following spells:

 Spells                   Type           Power      Damage    Failure   Level
 Searing Ray              Conj           34%        2d5       4%          2
 Dazzling Flash           Conj/Hex       18%        N/A       22%         3
 Fulminant Prism          Conj/Hex       4%         3d6       56%         4
 Iskenderun's Mystic Bla  Conj/Tloc      9%         2d4       56%         4


Dungeon Overview and Level Annotations

Branches:
Dungeon (2/15)

Altars:


Innate Abilities, Weirdness & Mutations

You have large cloven feet.


Message History

Unknown command.
Unknown command.
Unknown command.
Unknown command.
Unknown command.
Unknown command.
Unknown command.
Unknown command.
Unknown command.
Unknown command.
Unknown command.
Unknown command.
Unknown command.
Unknown command.
Unknown command.
Unknown command.
Unknown command.
Unknown command.
Unknown command.
Unknown command.
Found 2 orange potions.
There is a large open door here.
You hit the worm.
The worm is moderately wounded.
The worm bites you!
You hit the worm but do no damage. Your kick misses the worm.
The worm is moderately wounded.
You barely miss the worm. You kick the worm.
The worm is moderately wounded.
The worm closely misses you.
You hit the worm. You kick the worm.
The worm is heavily wounded.
The worm bites you.
* * * LOW HITPOINT WARNING * * *
You hit the worm but do no damage. You kick the worm.
The worm is heavily wounded.
You hit the worm but do no damage. You kick the worm.
The worm is severely wounded.
The worm bites you!
You die...

.. . ..# #. #.#
#.. #.# #... #.#
#.... #.###
#.....##...#
......w@...+
#!....##...#
.#### ...##
#.### ....♣ .
#.#####...♣ ♣♣
#........♣♣♣ ..
#........♣.♣..
#...........♣P..
#........♣P.P...
#.........♣


You could see a worm.

Vanquished Creatures
  An endoplasm (D:2)
  A hobgoblin (D:1)
  3 kobolds
  3 bats (D:2)
  A frilled lizard (D:1)
  2 rats (D:1)
11 creatures vanquished.

Vanquished Creatures (others)
  5 plants (D:2)
5 creatures vanquished.

Grand Total: 16 creatures vanquished

Notes
Turn   | Place    | Note
-------+----------+-------------------------------------------
     0 | D:1      | RogueRain17 the Demonspawn Conjurer began the quest for the
                  | Orb.
     0 | D:1      | Reached XP level 1. HP: 13/13 MP: 3/3
   377 | D:1      | Found a faded altar of an unknown god.
   955 | D:2      | Gained mutation: You have large cloven feet. [demonic
                  | ancestry]
   955 | D:2      | Reached XP level 2. HP: 19/19 MP: 0/5
  1074 | D:2      | Slain by a worm

Illustrated notes

Levels and vault maps discovered:
D:1:      nicolae_arrival_washed_ashore, layout_basic,
          shapermc_ecumenical_altar_mp_ritualfount, feat_on_display
D:2:      layout_basic, serial_forest, infiniplex_forest_straight_2,
          infiniplex_forest_clump_tiny, infiniplex_forest_corner_1,
          infiniplex_forest_3_way, infiniplex_forest_clump_C,
          infiniplex_forest_lined_2, serial_bayou_ford_a, uniq_robin,
          uniq_natasha

Skill      XL: |  1 |
---------------+----+-----
Stealth        | 2 |  2.0
Dodging        | 2 |  2.0
Spellcasting   | |  2.1
Conjurations   | |  4.1

Action                   || total
-------------------------++-------
Melee: Unarmed           ||     6
       Kick              ||     4
 Cast: Magic Dart        ||    22
Armor: Robe              ||     1
Dodge: Dodged            ||     1
